 Dungeon Crawl Stone Soup version 0.30-a0-1085-g990a428a5c (webtiles) character file.

Game seed: 10091503345101129622

88 voltaire321 the Caller (level 4, -2/33 HPs)
             Began as a Merfolk Summoner on Apr 16, 2023.
             Killed from afar by Terence (9 damage)
             ... with a puff of flame
             ... on level 3 of the Dungeon.
             The game lasted 00:05:10 (1660 turns).

voltaire321 the Caller (Merfolk Summoner)           Turns: 1660, Time: 00:05:10

Health: -2/33      AC:  3    Str: 10    XL:     4   Next: 54%
Magic:  6/7        EV: 14    Int: 14    God:
Gold:   87         SH:  0    Dex: 20    Spells: 2/8 levels left

rFire   . . .      SeeInvis .    i - +1 dagger (vamp)
rCold   . . .      Faith    .    (no shield)
rNeg    + . .      Spirit   .    a - +0 robe
rPois   .          Reflect  .    l - +0 helmet
rElec   .          Rampage  .    (no cloak)
rCorr   .                        (no gloves)
Will    .....                    (no boots)
Stlth   ++                       (no amulet)
HPRegen 0.25/turn                n - ring of positive energy
MPRegen 0.10/turn                p - +6 ring of dexterity

@: no status effects
A: (nimble swimmer 2), mertail
a: no special abilities


You were on level 3 of the Dungeon.
You visited 1 branch of the dungeon, and saw 3 of its levels.

You collected 87 gold pieces.

Inventory:

Hand Weapons
 i - a +1 vampiric dagger (weapon)
Armour
 a - a +0 robe (worn)
 l - a +0 helmet (worn)
Jewellery
 n - a ring of positive energy (left hand)
 p - a +6 ring of dexterity (right hand)
Scrolls
 e - 3 scrolls of identify {unknown}
 g - a scroll of fear {unknown}
 k - a scroll of immolation {unknown}
 m - a scroll of blinking {unknown}
Potions
 b - a potion of magic
 d - 4 potions of curing {unknown}
 f - a potion of invisibility {unknown}
 h - a potion of mutation {unknown}
 o - a potion of flight {unknown}


   Skills:
 + Level 1.7 Fighting
 + Level 1.1 Armour
 + Level 3.6 Dodging
 - Level 2.1 Stealth
 + Level 2.5 Spellcasting
 + Level 4.4 Summonings


You had 2 spell levels left.
You knew the following spells:

 Your Spells              Type           Power      Damage    Failure   Level
a - Call Imp              Summ           28%        N/A       5%          2
b - Summon Small Mammal   Summ           56%        N/A       3%          1
c - Call Canine Familiar  Summ           14%        N/A       11%         3

Your spell library contained the following spells:

 Spells                   Type           Power      Damage    Failure   Level
 Beastly Appendage        Tmut           2%         N/A       22%         1
 Wereblood                Tmut           1%         N/A       34%         2
 Summon Guardian Golem    Hex/Summ       7%         N/A       26%         3
 Dazzling Flash           Conj/Hex       2%         N/A       56%         3
 Spider Form              Tmut/Pois      1%         N/A       56%         3
 Summon Lightning Spire   Summ/Air       7%         N/A       65%         4
 Agony                    Necr           1%         N/A       99%         5
 Silence                  Hex/Air        0%         N/A       99%         5


Dungeon Overview and Level Annotations

Branches:
Dungeon (3/15)

Altars:

Annotations:
D:3 Terence


Innate Abilities, Weirdness & Mutations

((You are very nimble when in or above water. (Stealth+, EV+, Speed+++)))
Your lower body shifts to a powerful aquatic tail in water.


Message History

There is a stone staircase leading up here.
Terence the Incautious comes into view.
He is wielding a +0 hand axe and carrying a wand of flame (24).
Found 12 gold pieces.
Found a stone staircase leading down.
Terence shouts!
Terence zaps a wand.
The puff of flame hits you.
Casting: Call Imp (safe; 5% risk of failure)
Press: ? - help, Q - select action, (/) - cycle Dir - look around, f - activate A tiny devil pulls itself out of the air.
Your cerulean imp hits Terence from afar with a -3 spear.
Your cerulean imp hits Terence but does no damage.
Terence zaps a wand.
The puff of flame hits you!
You hit Terence but do no damage.
Terence is lightly wounded.
Terence hits you with a +0 hand axe.
Your cerulean imp barely misses Terence.
You hit Terence.
You feel better.
Terence is moderately wounded.
Terence misses you.
Your cerulean imp completely misses Terence.
You completely miss Terence.
Terence is moderately wounded.
Terence asks, "Do you want it fast or slow?"
Terence barely misses you.
Your cerulean imp hits Terence but does no damage.
You closely miss Terence.
Terence is moderately wounded.
Your cerulean imp closely misses Terence.
Terence zaps a wand.
The puff of flame misses you.
You completely miss Terence.
Terence is moderately wounded.
Terence zaps a wand.
The puff of flame hits you!
Your cerulean imp hits Terence but does no damage.
Terence zaps a wand.
The puff of flame hits you.
* * * LOW HITPOINT WARNING * * *
Your cerulean imp hits Terence from afar with a -3 spear.
Your cerulean imp barely misses Terence.
Terence zaps a wand.
The puff of flame misses your cerulean imp.
The puff of flame hits you!
You die...

##### .... ..#
#@# ###.#####
#...5...##^.##
##.#@.<.......
#..##.##.#####
#.......>....
#<.#...#.####
##.#...# #
..#...#
~....$# ~~~..
≈≈≈~~~


You could see Terence (ally target) and a friendly cerulean imp (summoned).

Vanquished Creatures
  An adder (D:2)
  A worm (D:2)
  A ball python (D:2)
  4 endoplasms
  3 giant cockroaches
  3 goblins
  6 hobgoblins
  4 quokkas
  A frilled lizard (D:2)
  3 kobolds (D:1)
  5 rats (D:1)
32 creatures vanquished.

Vanquished Creatures (collateral kills)
  Natasha (D:2)
  4 ball pythons
  A bat (D:1)
  An endoplasm (D:2)
  2 giant cockroaches (D:2)
  A hobgoblin (D:2)
  A quokka (D:1)
  A frilled lizard (D:1)
  A kobold (D:1)
  A rat (D:2)
14 creatures vanquished.

Grand Total: 46 creatures vanquished

Notes
Turn   | Place    | Note
-------+----------+-------------------------------------------
     0 | D:1      | voltaire321 the Merfolk Summoner began the quest for the
                  | Orb.
     0 | D:1      | Reached XP level 1. HP: 13/13 MP: 3/3
   194 | D:1      | Reached XP level 2. HP: 19/20 MP: 1/5
   197 | D:1      | Learned a level 2 spell: Call Imp
   394 | D:1      | Reached skill level 1 in Fighting
   468 | D:1      | Reached XP level 3. HP: 26/26 MP: 3/6
  1050 | D:1      | Learned a level 3 spell: Call Canine Familiar
  1284 | D:2      | Noticed Natasha
  1291 | D:2      | Killed Natasha
  1292 | D:2      | Reached skill level 1 in Armour
  1292 | D:2      | Reached XP level 4. HP: 32/32 MP: 7/7
  1649 | D:3      | Noticed Terence
  1660 | D:3      | Killed from afar by Terence

Illustrated notes

Levels and vault maps discovered:
D:1:      dpeg_arrival_tiny_i, layout_basic, st_stairs_6
D:2:      layout_basic, st_stairs_6, uniq_natasha
D:3:      wander_river, layout_basic, xom_teletrap_fun, uniq_terence

Skill      XL: |  1  2  3 |
---------------+----------+-----
Dodging        | 3 |  3.6
Fighting       | 1 |  1.7
Armour         | 1 |  1.1
Stealth        | |  2.1
Spellcasting   | |  2.5
Summonings     | |  4.4

Action                     |  1- 3 |  4- 6 || total
---------------------------+-------+-------++-------
  Melee: Unarmed           |     8 |       ||     8
         Short sword       |     7 |       ||     7
         Dagger            |    73 |    27 ||   100
         Punch             |       |     1 ||     1
   Cast: Summon Small Mamm |     6 |       ||     6
         Call Imp          |     9 |     4 ||    13
   Stab: Sleeping          |     5 |     1 ||     6
         Distracted        |       |     1 ||     1
 Armour: Robe              |    16 |     2 ||    18
  Dodge: Dodged            |    75 |    14 ||    89

Table legend: (Time is in decaauts)
 A = Elapsed time spent in this place.
 B = Non-inter-level travel time spent in this place.
 C = Inter-level travel time spent in this place.
 D = Time resting spent in this place.
 E = Time spent auto-exploring this place.
 F = Levels seen in this place.
 G = Mean time per level.
                   A        B        C        D        E       F      G
               +--------+--------+--------+--------+--------+-----+--------+
         Total |   1663 |   1617 |     46 |     50 |   1129 |   3 |  554.3 |
       Dungeon |   1663 |   1617 |     46 |     50 |   1129 |   3 |  554.3 |
               +--------+--------+--------+--------+--------+-----+--------+

Top non-repeatable levels by time:
     D:1: 1050 daAuts
     D:2: 601 daAuts
     D:3: 11 daAuts
